AoeStats
← ROBINLACHIENNE

Marketplace

504801651Analyzed
1v1 RM · 27d ago on Sep 6, 2026· 15m 51s· 2 players
Game mode
Random Map
Map size
Tiny (2 player)
Population
200
Speed
Normal
Resources
Standard
Victory
Conquest
Starting age
Dark Age
Ending age
Imperial Age
RankedLock teamsTeams togetherTeam positionsShared explorationLock speedFull tech treeHidden civsTurbo modeCheats
Victory
Defeat
🇫🇷 Khitans · France
1288
+17
🇺🇸 Saracens · United States
1314
-17
ROBINLACHIENNE
6:41 Loom
9:22 Feudal Age
10:00 Double-Bit Axe
12:23 Fletching
Jipp_DC5
6:30 Loom
10:34 Feudal Age
12:14 Horse Collar
13:08 Double-Bit Axe
Connection lost

Rejoining the realm…

Still unreachable

The connection could not be restored.

Session expired

The server has moved on; the page needs a fresh start.